 Dungeon Crawl Stone Soup version 0.30-a0-618-gd6c86c23d0 (webtiles) character file.

Game seed: 16432248464303840481

119 tilp the Shield-Bearer (level 5, 0/46 HPs)
             Began as a Meteoran Fighter on Jan 9, 2023.
             Killed by divine providence
             ... invoked by an orc priest
              (9 damage)
             ... on level 4 of the Dungeon.
             The game lasted 00:03:59 (922 turns).

tilp the Shield-Bearer (Meteoran Fighter)            Turns: 922, Time: 00:04:00

Health: 0/46       AC:  7    Str: 17    XL:     5   Next: 50%
Magic:  6/6        EV: 10    Int:  9    God:
Gold:   72         SH:  5    Dex: 16    Spells: 4/4 levels left

rFire   . . .      SeeInvis .    a - +0 long sword
rCold   . . .      Faith    .    c - +0 buckler
rNeg    . . .      Spirit   .    l - +0 scale mail
rPois   .          Reflect  .    (no helmet)
rElec   .          Harm     .    (no cloak)
rCorr   .          Rampage  .    (no gloves)
Will    .....                    (no boots) Stlth
                                 (no amulet)
HPRegen 0.27/turn                (no ring)
MPRegen 0.10/turn                (no ring)

@: glowing
A: sense surroundings 1, otherworldly, glowing, explore regen
a: no special abilities


You were on level 4 of the Dungeon.
You visited 1 branch of the dungeon, and saw 4 of its levels.

You collected 72 gold pieces.

Inventory:

Hand Weapons
 a - a +0 long sword (weapon)
 b - a +0 short sword of venom
Missiles
 q - 20 stones (quivered)
Armour
 c - a +0 buckler (worn)
 l - a +0 scale mail (worn)
Wands
 p - a wand of flame (12)
Scrolls
 e - a scroll of amnesia {unknown}
 h - a scroll of identify
 i - a scroll of fog {unknown}
 j - a scroll of noise {unknown}
 m - a scroll of brand weapon {unknown}
 n - a scroll of magic mapping {unknown}
 r - a scroll of silence {unknown}
 s - 2 scrolls of poison {unknown}
 t - a scroll of butterflies {unknown}
 u - a scroll of immolation {unknown}
 v - a scroll of vulnerability {unknown}
Potions
 d - 2 potions of might
 f - a potion of mutation
 g - a potion of berserk rage
 k - 2 potions of lignification
 o - a potion of flight


   Skills:
 + Level 3.8 Fighting
 + Level 3.1 Long Blades
 + Level 1.0 Throwing
 - Level 4.0 Armour
 * Level 2.7 Dodging
 + Level 1.0 Stealth
 - Level 4.0 Shields
 + Level 1.2 Evocations


You had 4 spell levels left.
You didn't know any spells.
Your spell library was empty.

Dungeon Overview and Level Annotations

Branches:
Dungeon (4/15) Zot: 1437
 Temple: D:4-7

Altars:


Innate Abilities, Weirdness & Mutations

You passively map a small area around you.
You are easily found by Zot.
You glow in the dark.
You regain HP and MP as you explore.


Message History

The orc priest is heavily wounded.
The orc priest closely misses you.
The orc priest hits you but does no damage.
You hit the orc priest.
The orc priest is severely wounded.
The orc priest closely misses you.
You hit the orc priest but do no damage.
The orc priest is severely wounded.
You block the orc priest's attack.
You barely miss the orc priest.
The orc priest is severely wounded.
The orc priest barely misses you. You block the orc priest's attack.
You barely miss the orc priest.
The orc priest is severely wounded.
The orc priest completely misses you.
You hit the orc priest.
The orc priest is almost dead.
The orc priest hits you with a +0 club.
You hit the orc priest.
You kill the orc priest!
Your Throwing skill increases to level 1!
Your Stealth skill increases to level 1!
You slash the orc priest!
The orc priest is severely wounded.
The orc priest invokes the aid of Beogh against you.
Pain shoots through your body! The orc priest barely misses you.
You completely miss the orc priest.
The orc priest is severely wounded.
The orc priest mumbles some strange prayers to Beogh against you.
Beogh smites you!
* * * LOW HITPOINT WARNING * * *
You hit the orc priest.
The orc priest is almost dead.
The orc priest closely misses you.
Unknown command.
You closely miss the orc priest.
The orc priest is almost dead.
The orc priest calls down the wrath of Beogh upon you.
Beogh smites you!
You die...

##......o.### #...# ,,
#.......g..####...##
*#.....##.....##....#
*
#..o..#####....##...##
....... ##..####...#
.......* #og# ##..##
##.... ##.## ##..#
####.#####.## #..#
*#..@oo## ##.# #.#####
*.# # *.# .# ##


You could see an orc priest and an orc.

Vanquished Creatures
  An orc priest (D:4)
  A jelly (D:4)
  2 adders
  2 orcs (D:4)
  A bat (D:2)
  3 endoplasms
  A giant cockroach (D:2)
  8 goblins
  2 hobgoblins
  3 jackals (D:2)
  2 kobolds
  2 quokkas
  7 ball pythons
  A frilled lizard (D:2)
  3 rats
39 creatures vanquished.

Notes
Turn   | Place    | Note
-------+----------+-------------------------------------------
     0 | D:1      | tilp the Meteoran Fighter began the quest for the Orb.
     0 | D:1      | Reached XP level 1. HP: 19/19 MP: 2/2
    93 | D:1      | Reached XP level 2. HP: 26/26 MP: 3/3
   156 | D:1      | Reached skill level 1 in Dodging
   235 | D:2      | Reached XP level 3. HP: 29/31 MP: 4/4
   557 | D:3      | Reached XP level 4. HP: 37/39 MP: 5/5
   715 | D:4      | Reached XP level 5. HP: 45/46 MP: 6/6
   908 | D:4      | Reached skill level 1 in Evocations
   919 | D:4      | Reached skill level 1 in Throwing
   919 | D:4      | Reached skill level 1 in Stealth
   922 | D:4      | Killed from afar by an orc priest

Illustrated notes

Levels and vault maps discovered:
D:1:      dpeg_arrival_castle, layout_loops_ring,
          chequers_serial_rivers_large_b, minmay_statues_item,
          skrybe_limestone_x
D:2:      layout_basic, serial_park_tiny_2, grunt_ministairs_13
D:3:      layout_basic, demons_altar, beargit_hepliaklqana_dungeon_heroes,
          minmay_strange_pillars, uniq_jessica, uniq_sigmund, uniq_robin
D:4:      kennysheep_spiral_hall, layout_layer_cave, uniq_ijyb, uniq_edmund

Skill      XL: |  1  2  3  4  5 |
---------------+----------------+-----
Dodging        | 1 2 |  2.7
Shields        | 4 |  4.0
Long Blades    | 3 |  3.1
Armour         | 4 |  4.0
Evocations     | 1 |  1.2
Throwing       | 1 |  1.0
Stealth        | 1 |  1.0
Fighting       | |  3.8

Action                   |  1- 3 |  4- 6 || total
-------------------------+-------+-------++-------
Melee: Long sword        |    83 |    48 ||   131
  Use: Scroll            |       |     4 ||     4
Armor: Scale mail        |    52 |    16 ||    68
Dodge: Dodged            |    45 |    18 ||    63
Block: Buckler           |    24 |    11 ||    35

Table legend: (Time is in decaauts)
 A = Elapsed time spent in this place.
 B = Non-inter-level travel time spent in this place.
 C = Inter-level travel time spent in this place.
 D = Time resting spent in this place.
 E = Time spent auto-exploring this place.
 F = Levels seen in this place.
 G = Mean time per level.
                   A        B        C        D        E       F      G
               +--------+--------+--------+--------+--------+-----+--------+
         Total |    961 |    937 |     24 |      0 |      0 |   4 |  240.2 |
       Dungeon |    961 |    937 |     24 |      0 |      0 |   4 |  240.2 |
               +--------+--------+--------+--------+--------+-----+--------+

Top non-repeatable levels by time:
     D:4: 367 daAuts
     D:2: 310 daAuts
     D:1: 238 daAuts
     D:3: 45 daAuts
